 Dungeon Crawl Stone Soup version 0.29.1-2-gbd0b4ee654 (webtiles) character file.

Game seed: 16044513287233051093

749 Zeld the Conjurer (level 7, -2/46 HPs)
             Began as a Demonspawn Conjurer on Nov 3, 2022.
             Was an Initiate of Gozag.
             Slain by a black bear (6 damage)
             ... on level 6 of the Dungeon.
             The game lasted 00:08:23 (7331 turns).

Zeld the Conjurer (Demonspawn Conjurer)             Turns: 7331, Time: 00:08:24

Health: -2/46      AC:  4    Str:  8    XL:     7   Next: 48%
Magic:  0/14       EV: 12    Int: 21    God:    Gozag
Gold:   156        SH:  0    Dex: 11    Spells: 4/15 levels left

rFire   . . .      SeeInvis +   (no weapon)
rCold   . . .      Faith    .   (no shield)
rNeg    . . .      Spirit   +   a - +0 robe
rPois   .          Reflect  .   (helmet restricted)
rElec   .          Harm     .   (no cloak)
rCorr   .          Rampage  .   (no gloves)
Will    .....                   (no boots)
Stlth   ++........              (no amulet)
HPRegen 0.15/turn               c - ring of wizardry
MPRegen 0.28/turn               k - ring of see invisible

@: no status effects
A: antennae 1, slimy green scales 1, spiny 1, magic shield, magic regeneration
a: Renounce Religion, Potion Petition, Call Merchant, Bribe Branch


You were on level 6 of the Dungeon.
You worshipped Gozag.
Gozag was aware of your devotion.
You visited 2 branches of the dungeon, and saw 10 of its levels.

You collected 331 gold pieces.
You spent 123 gold pieces at shops.
You paid 52 gold pieces to Gozag.

Inventory:

Armour
 a - a +0 robe (worn)
Jewellery
 c - a ring of wizardry (left hand)
 k - a ring of see invisible (right hand)
 m - a ring of protection from cold
 q - a ring of flight
Scrolls
 d - 2 scrolls of identify
 g - 3 scrolls of enchant weapon
 i - 2 scrolls of amnesia
 j - a scroll of butterflies {unknown}
 l - a scroll of summoning
 r - 5 scrolls of enchant armour
Potions
 b - 3 potions of magic
 e - 3 potions of curing {unknown}
 f - 2 potions of lignification {unknown}
 h - 2 potions of flight {unknown}
 n - 2 potions of heal wounds {unknown}
 o - 2 potions of haste {unknown}
 s - a potion of degeneration {unknown}


   Skills:
 + Level 3.4 Dodging
 + Level 3.7 Stealth
 * Level 4.8 Spellcasting
 * Level 6.2 Conjurations


You had 4 spell levels left.
You knew the following spells:

 Your Spells              Type           Power      Damage    Failure   Level
a - Magic Dart            Conj           100%       1d8       1%          1
b - Searing Ray           Conj           62%        2d6       1%          2
c - Fulminant Prism       Conj/Hex       9%         3d7       12%         4
d - Iskenderun's Mystic   Conj/Tloc      18%        2d6       12%         4

Your spell library contained the following spells:

 Spells                   Type           Power      Damage    Failure   Level
 Dazzling Flash           Conj/Hex       36%        N/A       3%          3
 Mephitic Cloud           Conj/Pois/Air  13%        N/A       6%          3
 Frozen Ramparts          Ice            10%        1d2       13%         3
 Ignite Poison            Fire/Tmut/Pois 5%         N/A       13%         3
 Ice Form                 Ice/Tmut       5%         N/A       38%         4
 Summon Ice Beast         Ice/Summ       5%         N/A       38%         4
 Freezing Cloud           Conj/Ice/Air   6%         6-21      45%         5


Dungeon Overview and Level Annotations

Branches:
Dungeon (9/15)             Temple (1/1) D:4
   Lair: D:8-11         Orc: D:9-12

Altars:
Ashenzari
Cheibriados
Dithmenos
Fedhas
Gozag
Hepliaklqana
Kikubaaqudgha
Makhleb
Nemelex Xobeh
Okawaru
Qazlal
Ru
Sif Muna
Trog
Uskayaw
Vehumet
Xom
Yredelemnul

Shops:
D:1 =*

Annotations:
D:6 1 runed translucent door, Arctor's ghost, novice MiFi


Innate Abilities, Weirdness & Mutations

You have a pair of small antennae on your head.
You are partially covered in slimy green scales. (AC +2)
You are partially covered in sharp spines.
When hurt, damage is shared between your health and your magic reserves.
You regenerate magic rapidly.


Message History

The gnoll bouda shouts!
The orc wizard shouts!
The orc shouts!
The orc priest shouts!
The orc is no longer distracted by gold.
The gnoll is no longer distracted by gold.
The iguana misses you.
Unknown command.
The orc priest invokes the aid of Beogh against you.
Beogh smites you! The gnoll is struck by your spines.
The gnoll hits you but does no damage. The iguana attacks as you move away!
The iguana is struck by your spines.
The iguana bites you but does no damage.
The iguana attacks as you move away! The iguana is struck by your spines.
You kill the iguana!
The orc is distracted by your dazzling golden aura.
The gnoll bouda barks out a call to the hunt!
The gnoll picks up the pace!
The orc shouts!
You hear a shout!
The gnoll is struck by your spines.
You kill the gnoll!
An orc comes into view. It is wielding a +0 flail.
Found a stone staircase leading up.
An orc warrior comes into view. It is wielding a +0 war axe.
The orc warrior shouts!
You hear a shout!
A hound comes into view.
A black bear comes into view.
An orc wizard comes into view. It is wielding a +0 dagger.
The hound barks!
The orc shouts!
The orc warrior hits you with a +0 war axe.
The hound barely misses you. The orc hits you with a +0 flail!
* * * LOW HITPOINT WARNING * * *
The orc wizard gestures wildly while chanting.
The orc wizard flickers and vanishes for a moment.
The orc warrior completely misses you. The hound barely misses you.
Found a helmet.
The orc wizard closely misses you.
The orc warrior hits you with a +0 war axe!
* * * LOW HITPOINT WARNING * * *
The black bear bites you.
You die...
Your body crumbles into a pile of gold.

$ ..####. ##...#.
#...... #..
.....###### ....
.........# ....
##........#
.....#.o.<......
.....#.o@.......$
.......o.h..##.[
....#..h.### ...
#.....# . #.....#
..###....##
.........g###
.#..........##
#...........##


You could see an orc warrior, a black bear, a gnoll bouda, a hound, an orc
wizard (invisible) and an orc.

Vanquished Creatures
  Sigmund (D:4)
  A water moccasin (D:7)
  A sky beast (D:7)
  2 hounds
  A jelly (D:7)
  3 iguanas
  2 orc wizards (D:9)
  4 gnolls
  2 adders (D:2)
  A shadow imp (D:5)
  A white imp (D:5)
  3 worms
  3 dart slugs
  11 orcs
  6 bats
  8 endoplasms
  2 giant cockroaches (D:3)
  5 goblins
  10 hobgoblins
  3 jackals (D:4)
  4 quokkas
  7 ball pythons
  2 frilled lizards
  8 kobolds
  2 rats (D:1)
93 creatures vanquished.

Vanquished Creatures (others)
  A fungus (D:1)
  A plant (D:1)
2 creatures vanquished.

Grand Total: 95 creatures vanquished

Notes
Turn   | Place    | Note
-------+----------+-------------------------------------------
     0 | D:1      | Zeld the Demonspawn Conjurer began the quest for the Orb.
     0 | D:1      | Reached XP level 1. HP: 13/13 MP: 3/3
    97 | D:1      | Found Qelidwaoza's Jewellery Shoppe.
   373 | D:1      | Gained mutation: You are partially covered in slimy green
                  | scales. (AC +2) [demonic ancestry]
   373 | D:1      | Reached XP level 2. HP: 19/19 MP: 0/5
   429 | D:1      | Found Dofecsel's General Store.
   474 | D:1      | Found a faded altar of an unknown god.
  1407 | D:2      | Gained mutation: You are partially covered in sharp spines.
                  | [demonic ancestry]
  1407 | D:2      | Reached XP level 3. HP: 24/24 MP: 2/6
  1487 | D:2      | Learned a level 2 spell: Searing Ray
  2614 | D:3      | Found a sparkling altar of Nemelex Xobeh.
  2673 | D:3      | Reached XP level 4. HP: 30/30 MP: 2/8
  3612 | D:1      | Bought a scroll of enchant armour for 97 gold pieces
  3612 | D:1      | Bought a scroll of identify for 26 gold pieces
  3839 | D:4      | Found a staircase to the Ecumenical Temple.
  3857 | Temple   | Entered the Ecumenical Temple
  4360 | D:4      | Noticed Sigmund
  4366 | D:4      | Killed Sigmund
  4367 | D:4      | Reached skill level 5 in Conjurations
  4367 | D:4      | Gained mutation: You have a pair of small antennae on your
                  | head. [demonic ancestry]
  4367 | D:4      | Reached XP level 5. HP: 21/35 MP: 0/10
  4367 | D:4      | Gained mutation: You regenerate magic rapidly. [demonic
                  | ancestry]
  4367 | D:4      | Reached XP level 6. HP: 25/41 MP: 0/11
  4506 | D:4      | Learned a level 4 spell: Fulminant Prism
  4511 | D:4      | Learned a level 4 spell: Iskenderun's Mystic Blast
  5217 | Temple   | Became a worshipper of Gozag Ym Sagoz the Greedy
  5400 | D:5      | Entered Level 5 of the Dungeon
  5975 | D:6      | You fall into a shaft and drop 3 floors!
  6108 | D:9      | HP: 1/36 [wight/+3 dire flail (9)]
  6109 | D:9      | Noticed a yak
  6109 | D:9      | Noticed a yak
  6109 | D:9      | Noticed a yak
  6109 | D:9      | Noticed a yak
  6166 | D:9      | Noticed an unseen horror
  6171 | D:9      | HP: 1/36 [unseen horror (8)]
  6647 | D:7      | Noticed a water moccasin
  6652 | D:7      | Killed a water moccasin
  6653 | D:7      | Gained mutation: When hurt, damage is shared between your
                  | health and your magic reserves. [demonic ancestry]
  6653 | D:7      | Reached XP level 7. HP: 39/46 MP: 8/13
  7031 | D:7      | Reached skill level 6 in Conjurations
  7216 | D:6      | Found a runed translucent door.
  7217 | D:6      | Noticed a steam dragon
  7218 | D:6      | Noticed Arctor's ghost (novice MiFi)
  7331 | D:6      | Slain by a black bear

Illustrated notes

Levels and vault maps discovered:
D:1:      dpeg_arrival_castle, layout_loops_ring, serial_rivers,
          chequers_serial_rivers_micro_c, chequers_serial_rivers_micro_e,
          chequers_serial_rivers_micro_d, chequers_serial_rivers_micro_a,
          shapermc_ecumenical_altar_gd, serial_shops, nicolae_shop_stone,
          nicolae_shop_trees, minmay_misc_feat_five
D:2:      layout_loops_ring
D:3:      layout_basic, overflow_temple_1_default, serial_co_window_serial,
          co_window_paths_a, co_window_corner_a, co_window_paths_a,
          co_window_paths_a, co_window_cross_1, co_window_cross_1,
          co_window_paths_b, co_window_of_opportunity_b, co_window_broadway_c,
          co_window_paths_c, co_window_of_opportunity_c,
          co_window_of_opportunity_c, co_window_4corner_a, glass_columns_a,
          glass_columns_a
D:4:      layout_basic, minmay_temple_entry_grid, chequers_serial_rivers_room_b,
          chequers_decorated_corner, uniq_sigmund
D:5:      layout_basic, lightli_sewer_entry_pipes
D:6:      layout_cave_pools, ebering_ghost_sewer_f, lightli_corner_chamber
D:7:      layout_basic
D:8:      layout_rooms, ebering_ghost_xom, minmay_manual_monstrance, uniq_erica
D:9:      kennysheep_windowed_halls, layout_basic,
          nicolae_elevator_lobby_asterisk
Temple:   mainiacjoe_temple_cubbyholes

Skill      XL: |  1  2  3  4  5  6  7 |
---------------+----------------------+-----
Stealth        | 2 3 |  3.7
Dodging        | 2 3 |  3.4
Spellcasting   | 3 4 |  4.8
Conjurations   | 5 6 |  6.2

Action                   |  1- 3 |  4- 6 |  7- 9 || total
-------------------------+-------+-------+-------++-------
Melee: Unarmed           |     6 |     3 |       ||     9
 Cast: Magic Dart        |    85 |    73 |       ||   158
       Searing Ray       |     1 |    12 |     4 ||    17
       Iskenderun's Myst |       |       |     3 ||     3
  Use: Scroll            |       |     8 |     1 ||     9
Armor: Robe              |     2 |     4 |     3 ||     9
Dodge: Dodged            |     5 |    21 |    20 ||    46
